 Dungeon Crawl Stone Soup version bcrawl-1.40.3b (webtiles) character file.

Game seed: 15050815117466503527

156943 PlayerOfArmor the Skirmisher (level 4, -3/41 HPs)
             Began as a Hill Orc Fighter on Mar 20, 2024.
             Slain by a gnoll (4 damage)
             ... on level 3 of the Dungeon.
             The game lasted 00:01:44 (1447 turns).

PlayerOfArmor the Skirmisher (Hill Orc Fighter)     Turns: 1447, Time: 00:01:44

Health: -3/41      AC:  6    Str: 19    XL:     4   Next: 59%
Magic:  4/4        EV:  5    Int:  8    God:
Gold:   116        SH:  9    Dex: 10    Spells: 3/3 levels left

rFire    . . .     GDR:     25% a - +0 war axe
rCold    . . .     SeeInvis .   c - +0 medium shield
rNeg     . . .     Gourm    .   b - +0 scale mail
rPois    .         Faith    .   (no helmet)
rElec    .         Spirit   .   (no cloak)
rCorr    .         Reflect  .   (no gloves)
MR       .....                  (no boots)
Stlth    ..........             (no amulet)
HPRegen  0.16/turn              (no ring)
MPRegen  0.09/turn              (no ring)

@: no status effects
A: no striking features
a: no special abilities


You were on level 3 of the Dungeon.
You were not hungry.

You visited 1 branch of the dungeon, and saw 3 of its levels.

You collected 116 gold pieces.

Inventory:

Hand Weapons
 a - a +0 war axe (weapon)
Armour
 b - a +0 scale mail (worn)
 c - a +0 medium shield (worn)
Jewellery
 m - an uncursed ring of magical power {unknown}
Scrolls
 g - a scroll of blinking {unknown}
 i - a scroll of teleportation {unknown}
 k - a scroll of enchant armour {unknown}
 n - a scroll of immolation {unknown}
Potions
 d - a potion of might
 h - a potion of resistance {unknown}
 j - 2 potions of mutation {unknown}
 l - 2 potions of magic {unknown}
Comestibles
 e - 6 rations {!d}
 f - 2 chunks of flesh


   Skills:
 + Level 4.7 Fighting
   Level 4.7 Short Blades
   Level 4.7 Long Blades
   Level 4.7 Axes
   Level 4.7 Maces & Flails
   Level 4.7 Polearms
   Level 4.7 Staves
 - Level 3.2 Armour
 - Level 3.2 Shields
   Level 4.7 Unarmed Combat


You had 3 spell levels left.
You didn't know any spells.
Your spell library was empty.

Dungeon Overview and Level Annotations

Branches:
Dungeon (3/12)

Altars:


Message History

The gnoll closely misses you.
You hit the gnoll but do no damage.
The gnoll is severely wounded.
You closely miss the gnoll. You slash the gnoll! You closely miss the gnoll.
The gnoll closely misses you. The gnoll hits you but does no damage.
You block the gnoll's attack. x2; The gnoll hits you but does no damage.
The gnoll hits you. The gnoll hits you with a +0 spear.
Your shield and scale mail prevent you from hitting the gnoll.
The gnoll is severely wounded.
You hit the gnoll but do no damage. You closely miss the gnoll.
You barely miss the gnoll. You block the gnoll's attack. The gnoll hits you!
* * * LOW HITPOINT WARNING * * *
The gnoll hits you with a +0 spear.
* * * LOW HITPOINT WARNING * * *
The gnoll closely misses you. The gnoll hits you but does no damage.
The gnoll hits you from afar with a +0 spear.
* * * LOW HITPOINT WARNING * * *
The gnoll barely misses you. The gnoll hits you but does no damage.
The gnoll hits you.
You die...

.....# # #....#
#.###....#
........#
......#####
..#.###.........
........<.[.....
..#.###g#.######
#......g@.#
#.....gg###
###.###.# # #.#
#.# ###


You could see 4 gnolls.

Vanquished Creatures
  Terence (D:2)
  2 adders (D:2)
  An ooze (D:1)
  A worm (D:2)
  A dart slug (D:1)
  3 leopard geckos (D:1)
  A ball python (D:2)
  2 bats (D:1)
  2 giant cockroaches
  5 hobgoblins
  7 kobolds
  A quokka (D:2)
  2 frilled lizards
  4 goblins
  2 rats
35 creatures vanquished.

Notes
Turn   | Place    | Note
-------+----------+-------------------------------------------
     0 | D:1      | PlayerOfArmor the Hill Orc Fighter began the quest for the
                  | Orb.
     0 | D:1      | Reached XP level 1. HP: 19/19 MP: 1/1
    57 | D:1      | Reached XP level 2. HP: 20/26 MP: 2/2
   513 | D:1      | Reached XP level 3. HP: 32/33 MP: 3/3
   552 | D:1      | Reached skill level 4 in Fighting
  1035 | D:2      | Noticed Terence
  1035 | D:2      | Noticed a scorpion
  1056 | D:2      | Killed Terence
  1057 | D:2      | Reached XP level 4. HP: 41/41 MP: 4/4
  1446 | D:3      | HP: 1/41 [gnoll/+0 spear (6)]
  1447 | D:3      | Slain by a gnoll

Skill      XL: |  1  2  3 |
---------------+----------+-----
Fighting       | 4 |  4.7
Short Blades   | |  4.7
Long Blades    | |  4.7
Axes           | |  4.7
Maces & Flails | |  4.7
Polearms       | |  4.7
Staves         | |  4.7
Armour         | |  3.2
Shields        | |  3.2
Unarmed Combat | |  4.7

Action                   |  1- 3 |  4- 6 || total
-------------------------+-------+-------++-------
Melee: War axe           |   104 |    33 ||   137
  Eat: Chunk             |     4 |     3 ||     7
Armor: Scale mail        |    48 |    21 ||    69
Dodge: Dodged            |    19 |    13 ||    32
Block: Medium shield     |    54 |    25 ||    79
